 Dungeon Crawl Stone Soup version 0.20.0 (webtiles) character file.

118 Llamajah the Covered (level 4, -4/40 HPs)
             Began as a Minotaur Fighter on June 15, 2017.
             Was an Initiate of Okawaru.
             Slain by Llamajah's ghost (8 damage)
             ... on level 3 of the Dungeon.
             The game lasted 00:04:24 (1767 turns).

Llamajah the Covered (Minotaur Fighter)             Turns: 1767, Time: 00:04:25

Health: -4/40      AC:  7    Str: 22    XL:     4   Next: 72%
Magic:  3/3        EV:  8    Int:  5    God:    Okawaru [......]
Gold:   70         SH:  9    Dex:  9    Spells: 3/3 levels left

rFire    . . .     SeeInvis .   a - +0 war axe
rCold    + . .     Gourm    .   c - +0 shield
rNeg     . . .     Faith    .   b - +0 scale mail
rPois    .         Spirit   .   (helmet restricted)
rElec    .         Reflect  .   (no cloak)
rCorr    +         Harm     .   (no gloves)
MR       .....                  (no boots)
Stlth    ..........             (no amulet)
Regen    0.2/turn               l - ring of protection from cold
MPRegen  0.1/turn               m - ring of resist corrosion

@: no status effects
A: retaliatory headbutt, horns 2
a: Renounce Religion


You were on level 3 of the Dungeon.
You worshipped Okawaru.
Okawaru was noncommittal.
You were very hungry.

You visited 1 branch of the dungeon, and saw 3 of its levels.

You collected 70 gold pieces.

Inventory:

Hand Weapons
 a - a +0 war axe (weapon)
Armour
 b - a +0 scale mail (worn)
 c - a +0 shield (worn)
Jewellery
 l - a ring of protection from cold (left hand)
 m - a ring of resist corrosion (right hand)
Scrolls
 e - 2 scrolls of identify {unknown}
 h - a scroll of immolation {unknown}
 i - a scroll of fear {unknown}
 j - a scroll of remove curse {unknown}
Potions
 d - a potion of might
 g - a potion of invisibility {unknown}
 k - a potion of curing {unknown}
 o - a potion of agility {unknown}
Comestibles
 f - 2 bread rations
 n - 3 fruits
 p - a royal jelly


   Skills:
 + Level 4.3 Fighting
 + Level 3.3 Axes
 + Level 4.4 Armour
 * Level 2.4 Dodging
 + Level 4.1 Shields


You had 3 spell levels left.
You didn't know any spells.

Dungeon Overview and Level Annotations

Branches:
Dungeon (3/15)

Altars:
Okawaru
The Shining One

Annotations:
D:3 Llamajah's ghost, amateur FoFi


Innate Abilities, Weirdness & Mutations

You reflexively headbutt those who attack you in melee.
You have a pair of horns on your head.


Message History

Llamajah's ghost hits you but does no damage.
You slash Llamajah's ghost! Your headbutt misses Llamajah's ghost.
Llamajah's ghost is heavily damaged.
Llamajah's ghost hits you but does no damage.
You closely miss Llamajah's ghost.
Llamajah's ghost is heavily damaged.
Llamajah's ghost completely misses you.
You hit Llamajah's ghost but do no damage.
Your headbutt misses Llamajah's ghost.
Llamajah's ghost is heavily damaged.
Llamajah's ghost hits you!
* * * LOW HITPOINT WARNING * * *
Llamajah's ghost closely misses you.
You slash Llamajah's ghost!
Llamajah's ghost is severely damaged.
You block Llamajah's ghost's attack.
You hit Llamajah's ghost. You headbutt Llamajah's ghost.
Llamajah's ghost is almost destroyed.
Llamajah's ghost hits you!
You die...

##########
#........#
#.######@#
#(######W###.#
#.##........#
#.##.###.###.#
#.##.###.#
#........#
####.##### #.#
#.#


You could see Llamajah's ghost.

Vanquished Creatures
  A gnoll (D:1)
  5 adders (D:2)
  A worm (D:2)
  A dart slug (D:2)
  2 leopard geckos (D:2)
  5 bats
  7 hobgoblins
  12 jackals
  A quokka (D:3)
  5 frilled lizards
  5 goblins
  6 kobolds
  6 rats
57 creatures vanquished.

Notes
Turn   | Place    | Note
-------+----------+-------------------------------------------
     0 | D:1      | Llamajah the Minotaur Fighter began the quest for the Orb.
     0 | D:1      | Reached XP level 1. HP: 19/19 MP: 0/0
   110 | D:1      | Reached XP level 2. HP: 21/27 MP: 1/1
   729 | D:1      | Reached XP level 3. HP: 31/33 MP: 2/2
   815 | D:2      | Found an iron altar of Okawaru.
   820 | D:2      | Found a glowing golden altar of the Shining One.
   826 | D:2      | Became a worshipper of Warmaster Okawaru
   836 | D:2      | Reached skill level 1 in Dodging
  1026 | D:2      | Reached XP level 4. HP: 30/40 MP: 3/3
  1759 | D:3      | Noticed Llamajah's ghost (amateur FoFi)
  1767 | D:3      | Slain by Llamajah's ghost

Skill      XL: |  1  2  3  4 |
---------------+-------------+-----
Fighting       | 4 |  4.3
Axes           | 3 |  3.3
Armour         | 4 |  4.4
Dodging        | 1 2 |  2.4
Shields        | 4 |  4.1

Action                   |  1- 3 |  4- 6 || total
-------------------------+-------+-------++-------
Melee: War axe           |    94 |    67 ||   161
       Headbutt          |    11 |     8 ||    19
  Eat: Chunk             |     1 |     1 ||     2
Armor: Scale mail        |    35 |    29 ||    64
Dodge: Dodged            |    26 |    23 ||    49
Block: Shield            |    63 |    36 ||    99
